 Dungeon Crawl Stone Soup version 0.30-a0-1035-g38d5fb2972 (webtiles) character file.

Game seed: 6284451215345474606

2849 Grim the Cleaver (level 10, 0/70 HPs)
             Began as a Formicid Fighter on Apr 8, 2023.
             Was a Priest of Zin.
             Slain by Joseph
             ... wielding a +2 quarterstaff of speed
              (12 damage)
             ... on level 8 of the Dungeon.
             The game lasted 00:11:50 (7435 turns).

Grim the Cleaver (Formicid Fighter)                 Turns: 7435, Time: 00:11:50

Health: 0/70       AC: 14    Str: 27    XL:     10   Next: 4%
Magic:  13/15      EV: 10    Int: 12    God:    Zin [***...]
Gold:   328        SH:  5    Dex: 15    Spells: 9/9 levels left

rFire   . . .      SeeInvis +    F - +0 broad axe
rCold   . . .      Faith    .    c - +0 buckler
rNeg    . . .      Spirit   .    o - +5 ring mail of Valour {Rampage Will+ Str+2 Stlth+}
rPois   ∞          Reflect  .    (helmet unavailable)
rElec   .          Rampage  +    K - +0 cloak
rCorr   .                        m - +0 pair of gloves
Will    ++...                    y - +0 pair of boots
Stlth   ++                       (no amulet)
HPRegen 0.31/turn                (no ring)
MPRegen 0.14/turn                (no ring)

@: mighty, vitalised, on recite cooldown
A: permanent stasis, dig shafts and tunnels, antennae 3, four strong arms
a: Dig, Shaft Self, Renounce Religion, Recite, Vitalisation, Imprison, Donate
Gold


You were on level 8 of the Dungeon.
You worshipped Zin.
Zin was most pleased with you.
You visited 2 branches of the dungeon, and saw 9 of its levels.
You also visited: Sewer.

You collected 364 gold pieces.
You donated 36 gold pieces to Zin.

Inventory:

Hand Weapons
 a - a +0 war axe
 F - a +0 broad axe (weapon)
Armour
 c - a +0 buckler (worn)
 i - a +0 chain mail
 j - a +0 plate armour
 m - a +0 pair of gloves (worn)
 o - the +5 ring mail of Valour (worn) {Rampage Will+ Str+2 Stlth+}
   (You found it on level 3 of the Dungeon)

   Str:       It affects your strength (+2).
   Rampage:   It bestows one free step when moving towards enemies.
   Will:      It increases your willpower.
   Stlth:     It makes you more stealthy.
 y - a +0 pair of boots (worn)
 K - a +0 cloak (worn)
Jewellery
 l - an amulet of magic regeneration
 I - a ring of positive energy
Wands
 q - a wand of paralysis (7)
 C - a wand of roots (12)
Scrolls
 e - 3 scrolls of fear {unknown}
 f - 10 scrolls of identify {unknown}
 k - a scroll of amnesia {unknown}
 r - 4 scrolls of teleportation {unknown}
 s - 2 scrolls of enchant weapon {unknown}
 v - 5 scrolls of noise {unknown}
 z - a scroll of magic mapping {unknown}
 A - a scroll of immolation {unknown}
 B - a scroll of summoning {unknown}
 D - a scroll of enchant armour {unknown}
 E - a scroll of brand weapon {unknown}
 G - a scroll of acquirement {unknown}
 H - a scroll of silence {unknown}
 J - 2 scrolls of fog {unknown}
Potions
 d - 2 potions of might
 g - 3 potions of curing {unknown}
 h - 2 potions of degeneration {unknown}
 n - 2 potions of attraction {unknown}
 p - a potion of cancellation {unknown}
 t - a potion of mutation {unknown}
 u - a potion of resistance {unknown}
 w - a potion of brilliance {unknown}
 x - 3 potions of lignification {unknown}


   Skills:
 - Level 3.2 Fighting
 * Level 11.6 Axes
 - Level 3.2 Armour
 - Level 4.0 Shields
 + Level 7.4 Invocations


You had 9 spell levels left.
You didn't know any spells.
Your spell library contained the following spells:

 Spells                   Type           Power      Damage    Failure   Level
 Sandblast                Erth           0%         2d4       52%         1
 Passwall                 Tmut/Erth      0%         N/A       65%         2
 Stone Arrow              Conj/Erth      0%         3d7       87%         3
 Volatile Blastmotes      Fire/Tloc      0%         2d10      87%         3
 Fulminant Prism          Conj/Hex       0%         3d5       99%         4
 Iskenderun's Mystic Bla  Conj/Tloc      0%         2d3       99%         4
 Petrify                  Tmut/Erth      0%         N/A       99%         4
 Lee's Rapid Deconstruct  Erth           0%         3d4*      100%        5
 Metabolic Englaciation   Hex/Ice        0%         N/A       100%        5
 Statue Form              Tmut/Erth      0%         N/A       100%        6


Dungeon Overview and Level Annotations

Branches:
Dungeon (8/15)             Temple (1/1) D:5           Sewer (visited)
   Lair: D:8-11

Altars:
Ashenzari
Cheibriados
Dithmenos
Elyvilon
Gozag
Kikubaaqudgha
Makhleb
Nemelex Xobeh
Okawaru
Ru
Sif Muna
Trog
Uskayaw
Vehumet
Xom
Yredelemnul
Zin

Annotations:
D:4 3 runed translucent doors, schwarznadel's ghost, novice FoFi
D:5 3 runed translucent doors, crabbyslav's ghost, novice KoEn
D:8 Joseph


Innate Abilities, Weirdness & Mutations

You cannot be hasted, slowed, berserked, paralysed or teleported.
You can dig through walls and to a lower floor.
You have a pair of large antennae on your head. (SInv)
Your four strong arms can wield two-handed weapons with a shield.


Message History

Psyche miscasts a cantrip.
Joseph hits you with a +2 quarterstaff of speed.
* * * LOW HITPOINT WARNING * * *
Unknown command.
Okay, then.
You barely miss Psyche.
Psyche is almost dead.
You slash Joseph!
Psyche looks encouraged for a moment.
An orc priest comes into view. It is wielding a +0 falchion.
Joseph hits you with a +2 quarterstaff of speed.
* * * LOW HITPOINT WARNING * * *
Joseph misses you.
Psyche hits you with a +3 dagger of chaos.
* * * LOW HITPOINT WARNING * * *
Unknown command.
You bump into the rock wall.
You feel less confused. You block Joseph's attack. You block Psyche's attack.
An orc wizard comes into view. It is wielding a +0 dagger.
Joseph hits you with a +2 quarterstaff of speed!
* * * LOW HITPOINT WARNING * * *
Unknown command.
You slash Psyche!
You kill Psyche!
Zin accepts your kill.
You barely miss Joseph. Joseph completely misses you.
The orc wizard gestures wildly while chanting.
The orc wizard flickers and vanishes for a moment.
You hear a shout! x2
You have reached level 10!
Zin grants you divine stamina. Joseph barely misses you.
The orc priest calls down the wrath of Beogh upon you.
Pain shoots through your body!
* * * LOW HITPOINT WARNING * * *
Joseph barely misses you.
You barely miss the orc priest. You slash Joseph!
Joseph hits you with a +2 quarterstaff of speed!
You die...

#.#####.#
#{#######
#.......#
#######.# { #.#
#### #.######..
{ { #.....##.#
#..##.##.####.#
#)......@@o.o.#
##..#...?####.#
#..####.# #..#
### ##.# .#


You could see Joseph, an orc priest and an orc wizard (invisible).

Vanquished Creatures
  Maurice (D:8)
  Maggie (D:7)
  Psyche (D:8)
  A steam dragon (D:7)
  2 water moccasins (D:7)
  An orc warrior (D:6)
  2 ogres (D:6)
  3 centaurs
  A bullfrog (Sewer)
  A howler monkey (D:6)
  A jelly (D:6)
  4 hounds
  A gnoll bouda (D:7)
  6 orc priests
  A sleepcap (D:6)
  Natasha (thrice) (D:3)
  Ijyb (D:5)
  6 iguanas
  8 orc wizards
  9 adders
  A river rat (D:6)
  A white imp (D:6)
  4 dart slugs
  30 orcs
  6 endoplasms
  10 giant cockroaches
  5 goblins
  7 hobgoblins
  2 jackals (D:4)
  12 quokkas
  6 ball pythons
  4 bats
  14 frilled lizards
  8 kobolds
  5 rats
169 creatures vanquished.

Notes
Turn   | Place    | Note
-------+----------+-------------------------------------------
     0 | D:1      | Grim the Formicid Fighter began the quest for the Orb.
     0 | D:1      | Reached XP level 1. HP: 18/18 MP: 1/1
   128 | D:1      | Reached XP level 2. HP: 16/23 MP: 2/2
   310 | D:1      | Reached skill level 3 in Axes
   422 | D:1      | Reached XP level 3. HP: 27/29 MP: 3/3
  1281 | D:2      | Found a faded altar of an unknown god.
  1738 | D:3      | Reached skill level 4 in Axes
  1738 | D:3      | Reached XP level 4. HP: 32/35 MP: 4/4
  1838 | D:3      | Identified the +5 ring mail of Valour {Rampage Will+ Str+2
                  | Stlth+}
  1967 | D:3      | Reached XP level 5. HP: 33/41 MP: 5/5
  2090 | D:3      | Noticed Natasha
  2112 | D:3      | Killed Natasha
  2113 | D:3      | Reached skill level 5 in Axes
  2276 | D:3      | Noticed Natasha
  2289 | D:3      | Killed Natasha
  2300 | D:3      | Noticed Natasha
  2305 | D:3      | Killed Natasha
  2306 | D:3      | Reached XP level 6. HP: 42/47 MP: 6/6
  2586 | D:4      | Reached skill level 6 in Axes
  2741 | D:4      | Noticed schwarznadel's ghost (novice FoFi)
  2741 | D:4      | Noticed an ice beast
  2743 | D:4      | Noticed an ice beast
  2931 | D:4      | Reached skill level 7 in Axes
  2931 | D:4      | Reached XP level 7. HP: 52/52 MP: 7/7
  3032 | D:4      | Found a runed translucent gate.
  3032 | D:4      | Found a runed translucent gate.
  3032 | D:4      | Found a runed translucent gate.
  3496 | D:5      | Entered Level 5 of the Dungeon
  3624 | D:5      | Found a staircase to the Ecumenical Temple.
  3683 | Temple   | Entered the Ecumenical Temple
  3859 | Temple   | Became a worshipper of Zin the Law-Giver
  3859 | Temple   | Reached * piety under Zin
  3969 | D:5      | Reached skill level 1 in Invocations
  4093 | D:5      | Found a runed translucent gate.
  4093 | D:5      | Found a runed translucent gate.
  4094 | D:5      | Found an opulent altar of Gozag.
  4095 | D:5      | Found a runed translucent gate.
  4097 | D:5      | Noticed a two-headed ogre
  4097 | D:5      | Noticed crabbyslav's ghost (novice KoEn)
  4333 | D:5      | Reached ** piety under Zin
  4496 | D:5      | Noticed Ijyb
  4515 | D:5      | Killed Ijyb
  5196 | D:6      | Reached skill level 8 in Axes
  5235 | D:6      | Reached XP level 8. HP: 58/58 MP: 9/9
  5478 | D:6      | Found a glowing drain.
  5483 | Sewer    | Entered a sewer
  5591 | Sewer    | Reached skill level 9 in Axes
  5965 | D:6      | Reached skill level 5 in Invocations
  5965 | D:6      | Reached XP level 9. HP: 63/64 MP: 12/12
  6182 | D:7      | Reached skill level 10 in Axes
  6213 | D:7      | Noticed Maggie
  6232 | D:7      | Killed Maggie
  6440 | D:7      | Reached *** piety under Zin
  7049 | D:7      | HP: 2/64 [steam dragon/ball of steam (16)]
  7050 | D:7      | Zin protects you from harm!
  7051 | D:7      | Reached skill level 11 in Axes
  7367 | D:8      | Noticed Maurice
  7377 | D:8      | Killed Maurice
  7411 | D:8      | Noticed Psyche
  7423 | D:8      | Noticed Joseph
  7433 | D:8      | Killed Psyche
  7434 | D:8      | Reached XP level 10. HP: 23/70 MP: 15/15
  7435 | D:8      | Slain by Joseph

Illustrated notes

Levels and vault maps discovered:
D:1:      minmay_arrival_arboretum_large, layout_basic
D:2:      layout_loops_ring, hellmonk_ecumenical_altar_arch_garden
D:3:      layout_loops_ring, minmay_cupped, uniq_natasha
D:4:      layout_loops_ring, gammafunk_ghost_icy, kennysheep_generic_room_2
D:5:      layout_basic, minmay_temple_entry_glassed_door, ebering_ghost_gozag,
          uniq_ijyb
D:6:      layout_cave_pools, gup_sewer_entry_bowl
D:7:      minmay_evil_eye, layout_basic, uniq_maggie
D:8:      layout_basic, jmf_multi_god_temple2, uniq_joseph, uniq_grum,
          uniq_maurice, uniq_psyche
Temple:   bh_familiar_temple

Skill      XL: |  1  2  3  4  5  6  7  8  9 |
---------------+----------------------------+-----
Axes           | 3 4 5 7 8 9 11 | 11.6
Invocations    | 2 5 7 |  7.4
Fighting       | |  3.2
Armour         | |  3.2
Shields        | |  4.0

Action                     |  1- 3 |  4- 6 |  7- 9 | 10-12 || total
---------------------------+-------+-------+-------+-------++-------
  Melee: War axe           |   108 |   129 |   219 |       ||   456
         Broad axe         |       |       |   113 |     1 ||   114
 Invoke: Recite            |       |       |     9 |       ||     9
         Vitalisation      |       |       |       |     1 ||     1
  Evoke: Wand              |       |       |     2 |       ||     2
    Use: Potion            |       |       |     3 |       ||     3
   Stab: Sleeping          |       |     2 |     4 |       ||     6
         Confused          |       |       |     1 |       ||     1
         Invisible         |       |       |     1 |       ||     1
 Armour: Scale mail        |    32 |       |       |       ||    32
         Chain mail        |    15 |     4 |       |       ||    19
         Ring mail         |       |    54 |   128 |       ||   182
  Dodge: Dodged            |    43 |    66 |   157 |     2 ||   268
  Block: Buckler           |    34 |    29 |    66 |       ||   129

Table legend: (Time is in decaauts)
 A = Elapsed time spent in this place.
 B = Non-inter-level travel time spent in this place.
 C = Inter-level travel time spent in this place.
 D = Time resting spent in this place.
 E = Time spent auto-exploring this place.
 F = Levels seen in this place.
 G = Mean time per level.
                   A        B        C        D        E       F      G
               +--------+--------+--------+--------+--------+-----+--------+
         Total |   7594 |   7311 |    283 |    974 |   4868 |  10 |  759.4 |
       Dungeon |   7095 |   6842 |    253 |    974 |   4621 |   8 |  886.9 |
        Temple |    205 |    176 |     29 |      0 |    152 |   1 |  205.0 |
         Sewer |    294 |    294 |      0 |      0 |     94 |   1 |  294.0 |
               +--------+--------+--------+--------+--------+-----+--------+

Top non-repeatable levels by time:
     D:5: 1435 daAuts
     D:7: 1203 daAuts
     D:1: 1096 daAuts
     D:4: 928 daAuts
     D:3: 880 daAuts
     D:6: 811 daAuts
     D:2: 668 daAuts
   Sewer: 294 daAuts
  Temple: 205 daAuts
     D:8: 70 daAuts
